 Dungeon Crawl Stone Soup version 0.26-a0-665-gefeb406119 (webtiles) character file.

Game seed: 4987934211574143425

202 RobertBarachian the Chopper (level 5, -3/47 HPs)
             Began as a Hill Orc Fighter on Oct 15, 2020.
             Killed from afar by an orc wizard (7 damage)
             ... with a magic dart
             ... on level 3 of the Dungeon.
             The game lasted 00:05:12 (3786 turns).

RobertBarachian the Chopper (Hill Orc Fighter)      Turns: 3786, Time: 00:05:13

Health: -3/47      AC:  8    Str: 19    XL:     5   Next: 80%
Magic:  5/5        EV:  7    Int:  8    God:
Gold:   190        SH:  9    Dex: 11    Spells: 4/4 levels left

rFire    . . .     SeeInvis .   a - +0 war axe
rCold    . . .     Faith    .   c - +0 kite shield
rNeg     . . .     Spirit   .   b - +0 scale mail
rPois    .         Reflect  .   s - +0 helmet
rElec    .         Harm     .   (no cloak)
rCorr    .         Rampage  .   (no gloves)
MR       .....                  (no boots)
Stlth    ..........             (no amulet)
HPRegen  0.15/turn              (no ring)
MPRegen  0.09/turn              (no ring)

@: lethally poisoned (-3 -> -5), berserk cooldown, hasted and slowed
A: no striking features
a: no special abilities


You were on level 3 of the Dungeon.
You visited 1 branch of the dungeon, and saw 3 of its levels.

You collected 190 gold pieces.

Inventory:

Hand Weapons
 a - a +0 war axe (weapon)
 y - a +0 hunting sling
Missiles
 f - 190 stones (quivered)
 q - 2 boomerangs
 B - 18 sling bullets
Armour
 b - a +0 scale mail (worn)
 c - a +0 kite shield (worn)
 s - a +0 helmet (worn)
Jewellery
 l - an uncursed amulet of magic regeneration {unknown}
 m - a cursed ring of teleportation {unknown}
 r - an uncursed amulet of guardian spirit {unknown}
Wands
 A - a wand of disintegration (17)
Scrolls
 e - 4 scrolls of remove curse {unknown}
 g - 2 scrolls of enchant armour {unknown}
 n - 7 scrolls of identify {unknown}
 o - 2 scrolls of teleportation {unknown}
 p - a scroll of magic mapping {unknown}
 u - 2 scrolls of amnesia {unknown}
 x - a scroll of immolation {unknown}
 C - a scroll of enchant weapon {unknown}
Potions
 d - 2 potions of might
 h - a potion of magic {unknown}
 i - a potion of berserk rage
 k - a potion of resistance {unknown}
 t - a potion of brilliance {unknown}
 v - a potion of curing {unknown}
 w - a potion of lignification {unknown}
 z - a potion of degeneration {unknown}


   Skills:
 + Level 4.6 Fighting
 * Level 5.4 Axes
 + Level 4.2 Armour
 + Level 4.2 Shields


You had 4 spell levels left.
You didn't know any spells.
Your spell library was empty.

Dungeon Overview and Level Annotations

Branches:
Dungeon (3/15)

Altars:
Fedhas
Ru


Message History

The adder bites you but does no damage.
You slash the kobold!
You kill the kobold!
You miss something. You hit the adder.
You kill the adder!
The jackal stops to sniff the ground.
You hear some strange, mumbled words.
Something tries to affect you, but you resist.
You slash the jackal!
You kill the jackal!
You miss something.
You are no longer berserk.
You are exhausted.
You feel yourself slow down.
Unknown command.
It was a potion of haste.
You feel yourself speed up.
You hear some strange, mumbled words.
A magic dart appears from out of thin air!
The magic dart hits you!
You die...

............)..# ##.#
##.....#######.###############)..
.......# #.............†.....
##.....# #################.##
#.....# #.# #####.# #.# #.# ###
#.. #[# #########..... #.#
#.####.)..{@.†..... #.#
#......###†)##..### .# ########
##.# # .... #.... ..##.gr .## #K.
. ..


There were no monsters in sight!

Vanquished Creatures
  Jessica (D:3)
  3 gnolls (D:2)
  5 adders
  2 worms
  5 dart slugs
  3 leopard geckos
  An orc (D:3)
  A ball python (D:2)
  2 giant cockroaches
  11 goblins
  9 hobgoblins
  7 jackals (D:3)
  7 bats
  2 frilled lizards (D:1)
  9 kobolds
  16 rats
84 creatures vanquished.

Vanquished Creatures (others)
  A bat (D:3)
1 creature vanquished.

Grand Total: 85 creatures vanquished

Notes
Turn   | Place    | Note
-------+----------+-------------------------------------------
     0 | D:1      | RobertBarachian the Hill Orc Fighter began the quest for
                  | the Orb.
     0 | D:1      | Reached XP level 1. HP: 19/19 MP: 1/1
    74 | D:1      | Reached skill level 3 in Axes
    87 | D:1      | Reached XP level 2. HP: 22/27 MP: 2/2
   652 | D:1      | Reached XP level 3. HP: 33/33 MP: 3/3
  1371 | D:2      | Reached skill level 4 in Axes
  1460 | D:2      | Found a sacrificial altar of Ru.
  1504 | D:2      | Found a blossoming altar of Fedhas.
  1511 | D:2      | Reached XP level 4. HP: 40/40 MP: 4/4
  2883 | D:2      | Reached XP level 5. HP: 47/47 MP: 5/5
  3367 | D:3      | Reached skill level 5 in Axes
  3618 | D:3      | Noticed Jessica
  3620 | D:3      | Killed Jessica
  3786 | D:3      | Killed from afar by an orc wizard

Illustrated notes

Levels and vault maps discovered:
D:1:      dpeg_arrival_central, layout_basic
D:2:      layout_basic, fedhas_ov_isle_minmay, serial_park_tiny_2,
          nicolae_ru_path_of_blood
D:3:      layout_loops_ring, nemelex_xobeh_ov_fountains_minmay, minmay_bisected,
          uniq_jessica

Skill      XL: |  1  2  3  4  5 |
---------------+----------------+-----
Axes           | 3 4 5 |  5.4
Fighting       | 4 |  4.6
Armour         | 4 |  4.2
Shields        | 4 |  4.2

Action                   |  1- 3 |  4- 6 || total
-------------------------+-------+-------++-------
Melee: War axe           |   104 |   169 ||   273
  Use: Potion            |       |     2 ||     2
Armor: Scale mail        |    42 |   102 ||   144
Dodge: Dodged            |    38 |    54 ||    92
Block: Kite shield       |    44 |    79 ||   123

Table legend: (Time is in decaauts)
 A = Elapsed time spent in this place.
 B = Non-inter-level travel time spent in this place.
 C = Inter-level travel time spent in this place.
 D = Time resting spent in this place.
 E = Time spent auto-exploring this place.
 F = Levels seen in this place.
 G = Mean time per level.
                   A        B        C        D        E       F      G
               +--------+--------+--------+--------+--------+-----+--------+
         Total |   3883 |   3772 |    111 |    680 |   2363 |   3 | 1294.3 |
       Dungeon |   3883 |   3772 |    111 |    680 |   2363 |   3 | 1294.3 |
               +--------+--------+--------+--------+--------+-----+--------+

Top non-repeatable levels by time:
     D:1: 1565 daAuts
     D:2: 1563 daAuts
     D:3: 754 daAuts
